Map: Port Aleksander LE

Players

Namshar - Winner!

  • Race: Zerg Zerg
  • Spawn Location: 11:00

cure

  • Race: Terran Terran
  • Spawn Location: 5:00

Event: IEM Season 13: Katowice (2019)

VOD

Have the link to the VOD?

Description

Time

  • Played on: Feb. 25, 2019, 5:54 a.m.
  • Length: 23:14

All games in this series

Show
View Real Time Build Order
Export as new Build Order

Namshar Zerg - Winner!

Build Orders: Hatch First, Brood Lord Corruptor, Roach Nydus 

Get SALT Encoding   

  12  0:00  Drone  
  13  0:12  Overlord  
  13  0:18  Drone  
  14  0:31  Drone x2  
  16  0:49  Hatchery  
  15  0:54  Drone  
  16  0:57  Drone  
  16  1:01  Drone  
  18  1:11  Extractor  
  18  1:16  Spawning Pool  
  16  1:18  Drone  
  16  1:22  Drone  
  18  1:28  Drone  
  19  1:39  Drone  
  20  1:49  Drone  
  21  2:02  Queen x2  
  21  2:03  Zergling x4  
  27  2:12  Drone, Overlord  
  28  2:24  Hatchery  
  28  2:27  Drone  
  28  2:35  Drone x2  
  30  2:43  Lair  
  30  2:47  Drone  
  31  2:52  Drone  
  31  2:53  Overlord  
  31  2:57  Drone x2  
  31  2:58  Extractor  
  33  3:05  Drone  
  34  3:08  Queen  
  36  3:15  Drone x2  
  38  3:20  Roach Warren  
  37  3:28  Overlord  
  37  3:40  Nydus Network  
  37  3:41  Queen  
  36  3:45  Queen  
  40  3:53  Overlord  
  40  4:01  Roach x3  
  46  4:06  Roach  
  48  4:10  Roach  
  48  4:16  Roach x2  
  54  4:19  Nydus Canal  
  54  4:29  Roach x2  
  54  4:31  Overlord  
  58  4:33  Roach  
  60  4:45  Roach x2  
  64  4:48  Roach  
  64  4:51  Overlord  
  64  4:53  Roach  
  64  5:08  Roach x2  
  64  5:11  Nydus Canal  
  64  5:14  Drone x5  
  69  5:22  Drone x3  
  72  5:31  Nydus Canal  
  72  5:36  Drone x2  
  72  5:39  Drone  
  72  5:40  Drone x3  
  76  5:53  Drone x4  
  76  5:57  Evolution Chamber x2, Drone  
  76  5:58  Glial Reconstitution  
  73  6:08  Drone  
  66  6:26  Queen  
  66  6:27  Queen  
  66  6:28  Drone  
  66  6:29  Drone x6  
  66  6:30  Zerg Missile Weapons Level 1, Zerg Ground Armor Level 1  
  65  6:38  Queen, Extractor x2  
  65  6:39  Drone x2  
  67  6:44  Overlord  
  67  6:45  Drone x2  
  69  6:52  Drone  
  69  6:53  Roach  
  72  6:57  Overlord  
  72  7:01  Queen  
  72  7:03  Queen  
  72  7:05  Overlord  
  72  7:08  Roach x2  
  80  7:09  Ravager  
  80  7:10  Ravager  
  80  7:14  Queen  
  80  7:15  Overlord  
  84  7:18  Roach x2  
  84  7:21  Ravager  
  89  7:22  Hatchery  
  89  7:24  Roach x2  
  89  7:28  Nydus Canal  
  92  7:31  Roach  
  92  7:36  Roach x4  
  102  7:38  Overlord x2  
  102  7:42  Roach  
  102  7:43  Roach  
  106  7:58  Extractor  
  105  7:59  Extractor  
  105  8:01  Drone  
  105  8:02  Drone x5  
  105  8:03  Overlord  
  110  8:05  Drone  
  110  8:07  Roach, Baneling Nest  
  110  8:08  Ravager  
  110  8:10  Roach, Ravager  
  110  8:11  Roach x3  
  122  8:14  Drone x2  
  122  8:16  Roach  
  122  8:17  Roach  
  128  8:23  Drone  
  128  8:25  Roach  
  131  8:27  Overlord x2  
  131  8:31  Drone  
  131  8:32  Roach x2  
  131  8:33  Roach  
  138  8:41  Overlord x2  
  138  8:46  Roach x3  
  143  9:00  Roach x7  
  158  9:02  Drone  
  158  9:04  Centrifical Hooks  
  158  9:07  Ravager x2  
  158  9:08  Ravager  
  161  9:13  Drone x2  
  161  9:14  Drone x3  
  166  9:19  Queen  
  166  9:24  Zerg Ground Armor Level 2  
  166  9:26  Zerg Melee Weapons Level 1  
  166  9:27  Overlord  
  166  9:30  Drone  
  167  9:31  Drone  
  167  9:33  Drone x2  
  170  9:45  Drone x4  
  169  9:59  Queen, Drone x2, Infestation Pit  
  172  10:00  Extractor  
  172  10:05  Drone x2  
  170  10:09  Overseer  
  170  10:10  Overlord x4  
  167  10:17  Overlord  
  167  10:22  Ravager x6  
  167  10:23  Ravager  
  167  10:28  Zergling x16  
  175  10:29  Zergling x4  
  182  10:36  Hive, Hatchery  
  177  10:45  Zergling x8  
  178  10:54  Spire  
  178  10:55  Metabolic Boost  
  168  11:00  Drone  
  168  11:02  Drone x2  
  168  11:04  Queen  
  171  11:06  Zergling x2  
  171  11:07  Zergling x10  
  176  11:18  Drone  
  176  11:21  Hatchery  
  176  11:22  Drone x3  
  179  11:30  Zergling x26  
  179  11:31  Zergling x4  
  196  11:39  Queen  
  195  11:48  Baneling x5  
  195  11:49  Baneling x18  
  195  11:50  Zerg Melee Weapons Level 2, Zerg Ground Armor Level 3  
  195  11:53  Viper  
  195  12:00  Zergling x4  
  200  12:06  Hatchery  
  197  12:08  Overlord x2  
  197  12:13  Adrenal Glands  
  195  12:15  Greater Spire  
  191  12:35  Drone  
  191  12:36  Drone x3  
  185  12:46  Viper x2  
  191  12:52  Zergling x16  
  187  13:09  Corruptor x6  
  186  13:21  Zergling x8  
  186  13:22  Zergling x18  
  186  13:24  Queen  
  174  13:35  Baneling  
  174  13:36  Baneling x9  
  174  13:37  Baneling x7  
  174  13:39  Zergling x18  
  182  13:42  Brood Lord  
  182  13:47  Brood Lord  
  186  13:51  Drone x2  
  186  13:52  Drone x2  
  183  14:03  Brood Lord  
  182  14:27  Corruptor  
  182  14:28  Corruptor x4  
  191  14:42  Extractor  
  175  14:46  Zergling x12  
  175  14:47  Brood Lord  
  175  14:48  Brood Lord, Hatchery  
  175  14:50  Brood Lord, Hatchery  
  162  15:07  Zergling x22  
  162  15:08  Zergling x16  
  177  15:14  Brood Lord x2  
  177  15:19  Brood Lord  
  177  15:20  Zerg Flyer Weapons Level 1  
  178  15:30  Brood Lord  
  178  15:32  Hatchery  
  178  15:35  Spore Crawler, Drone x8  
  178  15:37  Spine Crawler  
  178  15:39  Queen  
  178  15:40  Queen  
  180  15:43  Zerg Melee Weapons Level 3, Zerg Missile Weapons Level 2  
  180  15:48  Corruptor  
  182  15:55  Corruptor  
  176  16:13  Pathogen Glands  
  176  16:23  Zergling x2  
  176  16:24  Zergling x18  
  167  16:26  Baneling x11  
  167  16:27  Baneling  
  167  16:41  Hatchery, Corruptor x6  
  177  16:49  Infestor  
  179  17:00  Infestor  
  181  17:03  Drone  
  182  17:12  Hatchery  
  176  17:20  Infestor x2  
  173  17:25  Zergling x2  
  173  17:26  Zergling x14  
  181  17:38  Brood Lord, Corruptor x3  
  189  17:48  Brood Lord  
  189  17:50  Zergling x4  
  189  17:51  Zergling x4  
  195  17:53  Hatchery  
  195  17:56  Zerg Flyer Weapons Level 2  
  194  18:00  Drone x6  
  200  18:15  Extractor  
  197  18:26  Extractor  
  193  18:27  Spore Crawler, Spine Crawler  
  193  18:32  Infestor  
  193  18:36  Spire  
  193  18:37  Zerg Missile Weapons Level 3  
  193  18:41  Corruptor x2  
  192  18:44  Drone  
  192  18:45  Drone x2  
  199  18:53  Burrow  
  199  19:05  Pneumatized Carapace, Hatchery  
  196  19:10  Spore Crawler x2  
  190  19:19  Zergling x8  
  190  19:21  Corruptor x2  
  188  19:33  Queen  
  188  19:34  Queen x2  
  194  19:42  Baneling x5  
  194  19:43  Baneling x6  
  194  20:05  Corruptor x2  
  194  20:07  Brood Lord  
  199  20:08  Spore Crawler  
  199  20:10  Spore Crawler  
  199  20:12  Spine Crawler  
  194  20:18  Spore Crawler x2  
  194  20:19  Spore Crawler x2  
  190  20:23  Zerg Flyer Weapons Level 3  
  190  20:24  Zerg Flyer Armor Level 1  
  190  20:36  Baneling x6, Zergling x2  
  190  20:37  Zergling x18  
  200  20:44  Overseer x3  
  200  20:45  Overseer  
  200  20:46  Overseer  
  200  20:47  Overseer  
  192  21:33  Spore Crawler  
  192  21:34  Spine Crawler x2  
  192  21:38  Corruptor x3  
  192  21:39  Corruptor x2  
  191  21:41  Brood Lord  
  191  21:42  Brood Lord  
  195  21:58  Overseer  
  195  22:21  Overseer  
  195  22:43  Zergling x6  
Show
View Real Time Build Order
Export as new Build Order

cure Terran 

Build Orders: Reaper Expand 

Get SALT Encoding   

  12  0:00  SCV  
  13  0:12  SCV  
  14  0:17  Supply Depot  
  14  0:24  SCV  
  15  0:39  SCV  
  15  0:41  Barracks  
  16  0:44  Refinery  
  16  0:51  SCV  
  17  1:03  SCV  
  18  1:15  SCV  
  19  1:28  Orbital Command, Reaper  
  20  1:40  Command Center  
  20  1:50  Supply Depot  
  20  1:53  SCV  
  21  1:59  Marine  
  22  2:06  SCV  
  23  2:14  Factory  
  23  2:18  Marine, SCV  
  25  2:30  SCV  
  26  2:38  Barracks Reactor  
  26  2:41  Command Center  
  26  2:42  SCV  
  27  2:53  Orbital Command  
  27  2:55  SCV  
  28  3:07  SCV  
  29  3:18  Hellion x2  
  29  3:19  SCV x2  
  35  3:24  Barracks Tech Lab  
  35  3:31  SCV  
  35  3:32  SCV  
  37  3:41  Barracks  
  37  3:42  Barracks  
  37  3:43  Marine, SCV  
  37  3:44  SCV  
  37  3:46  Factory Reactor  
  40  3:52  Orbital Command  
  40  3:54  Refinery  
  40  3:56  SCV x2  
  40  3:57  Refinery  
  40  4:01  Marine  
  43  4:08  SCV x2  
  45  4:10  Bunker  
  45  4:15  Engineering Bay  
  45  4:16  Engineering Bay  
  45  4:20  SCV x2  
  47  4:28  Bunker  
  47  4:30  Marine x2, Supply Depot  
  49  4:31  Bunker  
  49  4:32  Marine x2  
  49  4:34  Siege Tank  
  53  4:39  Marine  
  53  4:49  Marine x2  
  53  4:50  Marine x2  
  56  5:06  Siege Tank  
  56  5:08  Marine x3  
  56  5:09  Marine  
  58  5:15  SCV x2  
  58  5:16  SCV, Barracks Tech Lab  
  61  5:26  Marine x3  
  61  5:27  Marine  
  65  5:35  Marine  
  65  5:37  Stimpack  
  65  5:43  Marine  
  55  5:59  Refinery x2  
  55  6:01  Supply Depot  
  55  6:02  Marine x5  
  60  6:15  SCV x2  
  61  6:29  Marine x5  
  61  6:31  SCV  
  63  6:38  SCV  
  63  6:39  Orbital Command  
  64  6:43  SCV  
  65  6:47  Starport  
  65  6:51  SCV  
  65  6:52  Marine  
  65  6:53  Factory Reactor  
  67  6:55  Marine x2, SCV  
  67  6:56  Marine  
  67  6:59  Marine  
  72  7:04  SCV  
  72  7:06  SCV  
  74  7:15  Supply Depot  
  74  7:17  Supply Depot  
  74  7:18  SCV x3  
  77  7:26  Refinery  
  77  7:27  Refinery  
  77  7:36  Marine, SCV x2, Medivac  
  84  7:37  Marauder  
  84  7:38  Marine x2, Combat Shield  
  84  7:39  Marine  
  84  7:43  Supply Depot  
  87  7:48  SCV  
  87  7:49  SCV x2  
  87  7:57  Terran Infantry Weapons Level 1  
  87  8:03  Supply Depot  
  87  8:04  SCV x3  
  90  8:08  Factory Tech Lab  
  90  8:13  Medivac  
  90  8:18  Missile Turret  
  92  8:21  Marauder  
  92  8:22  Supply Depot x2, SCV x2  
  96  8:27  Siege Tank  
  96  8:29  Orbital Command  
  99  8:35  Supply Depot, SCV x2  
  99  8:38  Terran Infantry Armor Level 1  
  101  8:50  Marine x2  
  101  8:51  Marine x2, Marauder  
  101  8:54  SCV  
  101  8:55  SCV x2  
  110  8:59  Siege Tank, Medivac  
  115  9:04  Concussive Shells  
  115  9:11  Supply Depot  
  115  9:13  Medivac  
  115  9:15  SCV x2  
  119  9:17  Barracks  
  119  9:18  Barracks  
  119  9:20  Marine x3, Marauder  
  119  9:24  Marine  
  121  9:31  Siege Tank  
  121  9:32  Supply Depot  
  121  9:33  Supply Depot  
  121  9:38  Marine x3  
  124  9:42  Marine, Marauder  
  124  9:43  Medivac  
  132  9:56  Marine x3  
  132  9:59  Armory, Marine  
  135  10:01  Medivac  
  135  10:03  Marauder  
  138  10:13  Barracks Tech Lab  
  135  10:14  Marine, Barracks Tech Lab  
  136  10:22  Siege Tank  
  136  10:24  Marauder  
  136  10:25  Supply Depot  
  145  10:35  Marauder x2  
  145  10:40  Marine  
  144  10:46  Marauder  
  144  10:48  Medivac  
  143  10:57  Marine x2, Marauder  
  143  10:58  Marauder  
  149  11:05  Terran Infantry Weapons Level 2  
  149  11:07  Orbital Command  
  149  11:14  Terran Infantry Armor Level 2  
  147  11:20  Marine x3, Marauder  
  149  11:36  SCV x3  
  151  11:42  Supply Depot  
  151  11:44  Supply Depot  
  151  11:45  Medivac x2  
  155  11:50  Sensor Tower  
  155  11:52  Marine, Missile Turret  
  155  11:53  Marauder  
  158  11:59  Marine x2, Marauder x2  
  163  12:12  Marine x2  
  163  12:14  Marauder  
  163  12:15  Siege Tank  
  170  12:17  Marine x2  
  170  12:21  Marauder x2  
  176  12:23  Medivac  
  176  12:29  Supply Depot  
  178  12:30  Supply Depot  
  178  12:31  Command Center  
  178  12:35  Marauder  
  177  12:42  Viking  
  177  12:43  Marauder x2  
  175  12:47  Refinery  
  175  12:48  SCV x3  
  175  12:49  Refinery  
  178  12:53  Viking  
  178  12:56  Siege Tank  
  178  12:57  Marauder  
  185  13:03  Marine x4  
  185  13:04  Marauder  
  185  13:05  Marauder  
  189  13:10  SCV x3  
  186  13:18  Marauder  
  184  13:20  Viking  
  184  13:26  Marauder  
  181  13:28  Siege Tank  
  181  13:33  Viking  
  185  13:39  Marine x3  
  185  13:40  Marauder x2  
  192  13:47  Marauder  
  192  13:48  SCV x3  
  197  13:50  Viking  
  197  13:53  Terran Infantry Armor Level 3  
  199  14:09  Planetary Fortress, Viking  
  200  14:15  Starport  
  198  14:20  Starport  
  196  14:27  Viking  
  196  14:28  Refinery  
  196  14:29  Refinery  
  194  14:39  Viking  
  188  14:47  Siege Tank  
  191  14:53  Marine x3, Marauder x3  
  198  15:04  Marine  
  173  15:08  Viking x2  
  173  15:09  SCV x3  
  173  15:11  Marine  
  174  15:14  Marauder  
  174  15:21  SCV x3  
  176  15:22  Viking  
  178  15:33  SCV x3  
  177  15:44  Command Center  
  177  15:48  Viking  
  173  16:07  Viking x2  
  172  16:17  Starport Reactor  
  172  16:18  Terran Infantry Weapons Level 3  
  162  16:30  Marine x4, Marauder  
  162  16:31  Siege Tank, Marauder  
  173  16:38  SCV  
  173  16:39  SCV x2  
  172  16:48  Viking  
  172  16:51  SCV  
  172  16:52  SCV x2  
  177  16:56  Planetary Fortress  
  177  17:02  Ghost Academy  
  177  17:03  SCV  
  170  17:17  Viking, Medivac x2  
  170  17:19  Medivac  
  178  17:25  Starport Reactor  
  178  17:30  Liberator x2, Ghost  
  178  17:31  Ghost  
  178  17:33  Personal Cloaking  
  182  17:48  Ghost  
  190  17:52  Refinery  
  190  17:59  Terran Ship Weapons Level 1  
  190  18:06  Ghost x2  
  194  18:16  Ghost  
  191  18:31  Orbital Command  
  172  18:34  Ghost x2  
  172  18:35  Viking  
  172  18:39  Marine x4  
  182  18:45  Ghost  
  184  18:50  Viking  
  184  18:53  Refinery  
  186  19:03  Ghost x2  
  186  19:04  Refinery  
  190  19:13  Viking x3, Ghost  
  198  19:22  Marine x2  
  173  19:31  Liberator, SCV, Ghost x2  
  173  19:32  SCV x2  
  180  19:42  Liberator x2, Ghost  
  180  19:43  Nuke  
  180  19:44  Sensor Tower  
  182  19:46  Ghost Academy  
  182  19:50  Liberator  
  185  19:53  Ghost Academy  
  191  20:09  Liberator  
  194  20:19  Nuke  
  192  20:22  Nuke  
  192  20:26  Liberator  
  192  20:27  Viking  
  197  20:30  Command Center  
  197  20:49  Command Center  
  200  20:50  Command Center  
  199  21:15  Nuke x2  
  199  21:19  Liberator  
  196  21:54  Barracks  
  196  21:56  Barracks  
  196  21:57  Command Center  
  195  22:01  Barracks  
  191  22:11  Command Center  
  191  22:12  Command Center  
  189  22:18  Command Center  
  189  22:20  Command Center  
  168  22:37  Ghost x3  
  168  22:40  SCV x4  
  172  22:52  SCV  

Tags
 
Add a new tag
Caveats
  • Supply blocks, unpowered buildings, or Contaminate may cause inaccurate times.
  • Supply counts are checked every 10 seconds.